[Event "Swiss Championship U14 2022"]
[Site "Biel"]
[Date "2022.07.18"]
[Round "1.1"]
[White "Breyer, Thierry"]
[Black "Mattenberger, Matthias"]
[Result "0-1"]
[ECO "B90"]
[WhiteElo "1683"]
[BlackElo "2005"]
[Annotator "TA"]
[PlyCount "62"]
[EventDate "2022.07.18"]
[EventType "swiss"]
[EventCountry "SUI"]
[SourceTitle "playchess.com"]
[Source "ChessBase"]
[SourceQuality "1"]
[TimeControl "5400+30"]

1. e4 c5 2. Nf3 d6 3. d4 cxd4 4. Nxd4 Nf6 5. Nc3 a6 6. Be3 e5 7. Nb3 Be7 8. Be2 Be6 9. f3 O-O 10. Qd2 Nbd7 11. Nd5 Bxd5 12. exd5 Rc8 13. c4 Ne8 {[%emt 0:11:02] B90: Sicilian Najdorf: Unusual White 6th moves, 6 Be3 Ng4 and 6 Be3 e5.} 14. Na5 Qc7 {[%emt 0:02:38] [#]} 15. Rc1 $146 ({Predecessor:} 15. O-O f5 16. b4 Rf6 17. Rac1 b6 18. Nc6 Nb8 19. Nxe7+ Qxe7 20. Bg5 Nd7 21. Bxf6 Nexf6 {1-0 (56) Sanchez Alvares,K (2250)-Amir,K (2235) Chess.com INT 2021}) 15... f5 (15... Bd8 $14 {is more appropriate.} 16. b4 h6) 16. b4 (16. O-O $16) 16... Nef6 (16... Bh4+ $1 $11 {keeps the balance.} 17. Kf1 f4) 17. g3 ({White should try} 17. O-O $16) 17... f4 (17... Nh5 $11) 18. Bf2 (18. gxf4 $16 {0-0 is the strong threat.} exf4 19. Bxf4) 18... e4 $11 {[%emt 0:05:27] aiming for ...e3.} 19. gxf4 {[%emt 0:02:37] Hoping for Be3.} (19. Qxf4 Ne5 20. fxe4 Nfg4 $1 21. Qxg4 Nxg4 22. Bxg4 Bg5 23. Be6+ Kh8 $15) 19... Rce8 $2 (19... Nh5 $11 20. Be3 Bh4+ 21. Kd1 Ndf6) 20. Be3 $2 ({Only move:} 20. O-O $16) 20... exf3 $1 $15 21. Bxf3 {[%emt 0:00:28] [#]} Ne4 $1 $36 {[%emt 0:01:28][%mdl 2048] Black has the initiative.} 22. Qg2 Bh4+ 23. Ke2 $2 {[%emt 0:04:50][%mdl 8192] White does not recover from this.} (23. Kd1 $15) 23... Nf2 $19 {[%emt 0:02:26] Pair of Knights!} (23... Ndf6 24. Kd1 $11) 24. Rhg1 Rf7 (24... g6 $142 {[%cal Oe8e3] And now ...Rxe3+! would win.} 25. Nb3 Rxf4) 25. Bh5 $2 {[%emt 0:07:36] [#]} (25. Rc3 Nf6 26. Rb3 (26. Kf1 $2 Rfe7 $19)) 25... Rxe3+ $1 {[%emt 0:00:42][%mdl 576] Decoy} 26. Kxe3 Qb6+ ({Weaker is} 26... g6 {[#]} 27. Bxg6 $1 hxg6 28. Qxg6+ Kf8 29. Qh6+ Ke8 30. Qxh4 $18) 27. c5 Re7+ 28. Kf3 Qxb4 29. Nc4 Qxc5 30. Ne5 Qa3+ 31. Ke2 Qd3+ {[%emt 0:00:12] Weighted Error Value: White=1.57/Black=0.39} 0-1

[Event "Swiss Championship U14 2022"]
[Site "Biel"]
[Date "2022.07.18"]
[Round "1.2"]
[White "Arsenie, Cristian Marc"]
[Black "Bruessow, Nina"]
[Result "1-0"]
[ECO "B23"]
[WhiteElo "2001"]
[BlackElo "1655"]
[Annotator "TA"]
[PlyCount "63"]
[EventDate "2022.07.18"]
[EventType "swiss"]
[EventCountry "SUI"]
[SourceTitle "playchess.com"]
[Source "ChessBase"]
[SourceQuality "1"]
[TimeControl "5400+30"]

1. e4 c5 2. Nc3 d6 3. d4 cxd4 4. Qxd4 a6 5. b3 Nc6 6. Qd2 {[%emt 0:00:16] B23: Closed Sicilian: Lines without g3.} g6 ({Black should try} 6... b5 $11) 7. Bb2 $14 Bg7 8. O-O-O {[%emt 0:04:04] White is slightly better.} b5 9. Kb1 (9. Nd5 $5 Nf6 10. Nxf6+ Bxf6 11. Bxf6 exf6 12. Ne2 $16 (12. Qxd6 Bb7 $14)) 9... Nf6 10. f3 O-O 11. Nge2 {[%emt 0:00:31] [#]} ({White should play} 11. Nd5 $14) 11... Qb6 $146 (11... Ne5 $11 {remains equal.}) ({Predecessor:} 11... b4 12. Nd5 Nxd5 13. Bxg7 Kxg7 14. exd5 Ne5 15. Qxb4 a5 16. Qd4 f6 17. a4 Rb8 {0-1 (43) Nasuta,G (2535)-Galopoulos,N (2360) Tornelo INT 2020}) 12. Nd5 Nxd5 13. Bxg7 (13. exd5 $6 Bxb2 14. Kxb2 Ne5 $11) ({Reject} 13. Qxd5 Be6 14. Qd2 Bxb2 15. Kxb2 a5 $15) 13... Kxg7 14. exd5 Ne5 15. h4 h5 16. Nd4 $1 Bd7 {[%emt 0:05:48] Against g4} 17. Be2 Rh8 (17... Rac8 $142) 18. Qg5 (18. f4 $16) 18... f6 (18... Qc5 $14) 19. Qe3 $16 Kf7 {[%emt 0:05:20] Prevents Ne6.} 20. Rhe1 Rae8 21. Qe4 Qc5 22. f4 {[%emt 0:09:45] Threatens to win with Ne6.} (22. g3 $5 ) 22... Ng4 23. Bxg4 ({But not} 23. Bd3 $2 f5 24. Qe2 Qxd4 $19) 23... Bxg4 {[%emt 0:01:38] [#]} (23... hxg4 $14 24. g3 f5) 24. Rd3 $1 Qc8 {[%emt 0:06:38] [#]} 25. Rde3 $1 {[%emt 0:05:09] Black must now prevent Nc6.} Rhg8 (25... Qd7 $16 26. f5 Bxf5 27. Nxf5 gxf5) 26. Qd3 (26. Nc6 $18) 26... Rg7 (26... Kf8 $16 {might work better.} 27. g3 Qd7) 27. Ne6 (27. Nc6 $18 {and the rest is easy.}) 27... Rgg8 28. Qd4 {[%emt 0:01:25] Strongly threatening Qa7. White is much more active.} Bf5 $2 (28... Qb7 $16 {was called for.}) 29. Rc3 $18 {[%emt 0:01:18] White has a decisive advantage.} Qb8 30. Rc7 Bxe6 31. dxe6+ Kg7 32. Qxd6 $1 {[%emt 0:03:47] Weighted Error Value: White=0.24 (precise) /Black=0.39} 1-0

[Event "Swiss Championship U14 2022"]
[Site "Biel"]
[Date "2022.07.18"]
[Round "1.3"]
[White "Artan, Tamir"]
[Black "Malli, Suvirr"]
[Result "0-1"]
[ECO "B94"]
[WhiteElo "1590"]
[BlackElo "1957"]
[Annotator "TA"]
[PlyCount "88"]
[EventDate "2022.07.18"]
[EventType "swiss"]
[EventCountry "SUI"]
[SourceTitle "playchess.com"]
[Source "ChessBase"]
[SourceQuality "1"]
[TimeControl "5400+30"]

1. e4 c5 2. Nf3 d6 3. d4 cxd4 4. Nxd4 Nf6 5. Nc3 a6 6. Bg5 Nbd7 7. Qd2 {[%emt 0:02:20] 7.Qe2 is the modern continuation.} h6 {[%emt 0:04:16] B94: Sicilian Najdorf: 6 Bg5 Nbd7.} 8. Bxf6 Nxf6 9. O-O-O e5 {[%emt 0:06:47] The position is equal.} 10. Nb3 {[%emt 0:01:34] [#]} Be7 $146 ({Predecessor:} 10... Be6 11. Qe3 Be7 12. Kb1 Rc8 13. g3 Qc7 14. Be2 O-O 15. f4 b5 16. Rd2 b4 {1-0 (36) Fries,K (1661)-Reichel,H (1365) Bad Sooden-Allendorf 2006}) 11. Kb1 Be6 12. f3 h5 13. Be2 Rc8 14. Nd5 Nxd5 15. exd5 Bf5 16. Bd3 Bxd3 17. Qxd3 Qc7 18. Rdf1 O-O 19. g4 (19. f4 $11) 19... hxg4 $15 20. fxg4 Qc4 21. Qd1 Bg5 22. h4 Bf4 23. g5 b6 24. Rfg1 (24. Rf3 $11) 24... a5 25. g6 (25. Rg4 $11) 25... f6 {[%emt 0:11:23][%cal Bf7f6,Bf6f5,Bf5g4][%mdl 32] Black is more active.} 26. Rh3 {[%emt 0:03:42] [#]} Bh6 $1 27. Rg4 ({White should play} 27. Rc3 Qe4 28. Qd3 Qxd3 29. cxd3) 27... Qb5 $17 28. a4 (28. Rg1 $17) 28... Qd7 29. Rh1 (29. Qe2 $142) 29... f5 $19 30. Rg5 Qxa4 (30... Bxg5 $2 31. hxg5 Rf7 32. Qh5 $18) 31. Rh5 $2 (31. Rgg1) 31... Qg4 32. Qxg4 fxg4 33. Rg1 Rf4 34. Nc1 Rcf8 35. b3 Rf1 36. Rxg4 Rxc1+ 37. Kb2 Rd1 38. Rc4 Rxd5 {[%emt 0:00:59] Hoping for ...b5.} 39. Rc6 b5 {[%emt 0:00:12][%cal Bb6b5,Bb5b4][%mdl 32] [#] ...b4 is the strong threat.} 40. Ra6 b4 {[%emt 0:00:16] Black mates.} 41. Ra7 Rd1 42. Rxa5 Bd2 43. c4 Bc3+ 44. Kc2 Rd2+ {[%emt 0:00:04] Weighted Error Value: White=0.87/Black=0.33} 0-1

[Event "Swiss Championship U14 2022"]
[Site "Biel"]
[Date "2022.07.18"]
[Round "1.4"]
[White "Scherler, Julius"]
[Black "Stoll, Arturo"]
[Result "1-0"]
[ECO "B31"]
[WhiteElo "1971"]
[BlackElo "1434"]
[Annotator "TA"]
[PlyCount "65"]
[EventDate "2022.07.18"]
[EventType "swiss"]
[EventCountry "SUI"]
[SourceTitle "playchess.com"]
[Source "ChessBase"]
[SourceQuality "1"]
[TimeControl "5400+30"]

1. e4 c5 2. Nf3 Nc6 3. Bb5 g6 4. Bxc6 dxc6 5. O-O Bg7 6. d3 e5 7. h3 Ne7 8. Be3 {[%emt 0:12:03] 8.a3 might become the main line.} b6 9. Qd2 {[%emt 0:00:39] B31: Sicilian: 2...Nc6 3 Bb5 g6.} O-O 10. Nc3 Qc7 {[%emt 0:10:35] [#]} 11. Nh2 $146 {[%emt 0:17:22] White is slightly better.} ({Predecessor:} 11. a3 f5 12. exf5 gxf5 13. Bh6 Ng6 14. Rae1 Bd7 15. Bxg7 Kxg7 16. Re3 Rae8 17. Rfe1 {0-1 (32) Movsesian,J (2300)-Wikar,M (2168) Warsaw 2021}) 11... Be6 12. b3 f5 {[%emt 0:10:09] Hoping for ...f4.} 13. exf5 gxf5 {[%emt 0:00:00] [#] ...f4 is the strong threat.} 14. Bh6 Nd5 15. Nxd5 cxd5 16. Nf3 e4 ({Black should play} 16... f4 $15 17. Bxg7 Qxg7) 17. Ng5 Qe7 (17... Rae8 $5 18. Bxg7 Qxg7 $11) 18. Bxg7 Kxg7 19. dxe4 fxe4 20. Qc3+ ({Better is} 20. c4 $14) 20... d4 ({Black should try} 20... Rf6 $15 21. Qg3 (21. Nxe6+ Qxe6 22. b4 d4 $15) 21... Rg6 22. Qe5+ (22. Nxe6+ Qxe6 23. Qh2 Rf8 $17) 22... Kf8 23. Nxe6+ Qxe6 24. Qh8+ Qg8 25. Qxg8+ (25. Qe5 Re8 $17) 25... Kxg8) 21. Qg3 $14 Bf5 (21... Kh8 $14 {is superior.}) 22. Ne6+ $16 Kf7 (22... Kh8 $16 23. Nxf8 Rxf8) 23. Nxf8 $18 Rxf8 24. Rae1 Qf6 (24... Rg8 $16 25. Qh2 (25. Qf4 Qg5 $16) 25... Kg7) 25. Qc7+ Ke8 26. Qb8+ Kd7 (26... Kf7 {was worth a try.} 27. Qxa7+ Kg8) 27. Qxa7+ Kc6 28. b4 Bxh3 $2 {[%emt 0:01:52] [#]} (28... cxb4 29. Rb1 Rg8) 29. b5+ (29. gxh3 Rg8+ 30. Kh2 Qf4+ 31. Kh1 Qf3+ 32. Kh2 Qg2#) 29... Kd5 30. c4+ (30. gxh3 {leads to mate.} Rg8+ 31. Kh2 Qf4+ 32. Kh1 Qf3+ 33. Kh2 Qg2#) 30... dxc3 31. Rd1+ (31. Qb7+ $142 Kc4 32. Rxe4+ Qd4 33. Rxd4+ Kxd4 34. gxh3 h5 35. Rd1+ Kc4 36. Qd5+ Kxb5 37. a4+ Kb4 38. Rb1+ Ka5 39. Qb3 Rg8+ 40. Qxg8 b5 41. Rxb5+ Kxa4 42. Qb3#) 31... Ke5 32. Qc7+ (32. f4+ $142 exf3 33. Rxf3 Qxf3 34. Qe7+ Be6 35. Qd6+ Ke4 36. Qxe6+ Kf4 37. gxf3) 32... Kf5 33. Qd7+ {[%emt 0:00:00] Weighted Error Value: White=0.22 (precise) /Black=1.13} 1-0

[Event "Swiss Championship U14 2022"]
[Site "Biel"]
[Date "2022.07.18"]
[Round "1.5"]
[White "Haas, Anthony"]
[Black "Gut, Lionel"]
[Result "0-1"]
[ECO "D85"]
[WhiteElo "1638"]
[BlackElo "1957"]
[Annotator "TA"]
[PlyCount "100"]
[EventDate "2022.07.18"]
[EventType "swiss"]
[EventCountry "SUI"]
[SourceTitle "playchess.com"]
[Source "ChessBase"]
[SourceQuality "1"]
[TimeControl "5400+30"]

1. d4 Nf6 2. c4 g6 3. Nc3 d5 4. cxd5 Nxd5 5. e4 Nxc3 6. bxc3 Bg7 7. Be3 c5 8. Rc1 Qa5 9. Qd2 Nc6 {[%emt 0:10:28] D85: Exchange Grünfeld: Unusual White 7th moves and lines with 7 Nf3.} 10. Ne2 {[%emt 0:16:12] [#]} cxd4 $146 ({Predecessor:} 10... O-O 11. d5 Ne5 12. Ng3 Bg4 13. f4 Nd7 14. h3 Bh5 15. Nxh5 gxh5 16. c4 Qxd2+ 17. Kxd2 {½-½ (36) Nawrot,E-Lorenz,N (1761) Wroclaw 2005}) 11. cxd4 Qxd2+ {[%emt 0:00:42] The position is equal.} 12. Kxd2 O-O 13. d5 Rd8 14. Nc3 e6 15. Bg5 {[%emt 0:07:46] Prevents Ne7.} f6 16. Bf4 exd5 17. Nxd5 Be6 18. Bc4 Na5 19. Ke2 {[%emt 0:09:12][%cal Od5f6] Black must now prevent Nxf6+!} Nxc4 20. Nc7 {[%emt 0:00:40] [#] This move loses the game for White.} (20. Rxc4 $17 {only move.} Bxd5 21. exd5) 20... Bf7 $1 $19 21. Nxa8 Rxa8 22. Rhd1 Re8 23. Kf3 g5 24. Bc7 h5 25. Rd8 {[%emt 0:02:02] Strongly threatening Rxe8+.} Ne5+ 26. Ke2 Bc4+ 27. Ke3 Rxd8 28. Bxd8 b5 ({Avoid the trap} 28... Bxa2 $2 29. Rc8 Kh7 30. Rc7 $17) 29. f3 Kf7 ({Stronger than} 29... Bxa2 30. Ra1 Bc4 31. Rxa7 $17) 30. Bc7 Bf8 31. Bxe5 fxe5 32. a4 a6 33. axb5 axb5 {[%emt 0:00:01] Hoping for ...Bc5+.} 34. Rb1 (34. Kd2 $142 Bb4+ 35. Kc2) 34... Bc5+ 35. Kd2 Bd4 36. h3 h4 37. Rc1 Ke6 {[%emt 0:00:05] ( -> ...Kd6)} 38. Kc2 Kd6 39. Rb1 Kc5 40. Kd2 Kb6 (40... b4 $142 41. Kc2 Ba2 42. Rh1 b3+ 43. Kd2 b2 44. Kc2 Kb4 45. Re1 Bb3+ 46. Kd3 Bc4+ 47. Kc2 Ka3 48. Rh1 Ka2 49. Re1 Bb3+ 50. Kd2 b1=Q 51. Rxb1 Kxb1 52. Kd3 Kc1 53. f4 gxf4 54. Ke2 Bc2 55. g4 fxg3 56. Kf3 Bd1+ 57. Kg2 Be2 58. Kh1 Bf3#) 41. Kc2 Ka5 42. Kd2 Ka4 (42... b4 $142 43. Rc1 Kb5) 43. Kc2 Ka3 (43... b4 $142 44. Kd2 b3 45. Rh1 Ka3 46. Re1 Ka2 47. Rc1 {[#]} b2 $1 48. Rxc4 b1=Q 49. Rc7 Qb4+ 50. Kd1 Qb3+ 51. Kd2 Qe3+ 52. Kd1 Qd3+ 53. Ke1 Be3 54. Ra7+ Bxa7 55. f4 gxf4 56. g4 hxg3 57. h4 Bf2#) 44. Re1 b4 {[%emt 0:00:17] Black mates.} 45. Rb1 b3+ 46. Kd2 Ka2 47. Rh1 b2 48. Kc2 Bb3+ 49. Kd3 b1=Q+ 50. Rxb1 Kxb1 {[%emt 0:00:02] Weighted Error Value: White=1.08/Black=0.53} 0-1

[Event "Swiss Championship U14 2022"]
[Site "Biel"]
[Date "2022.07.18"]
[Round "1.6"]
[White "Gut, Raphael"]
[Black "Guyer, Marlon"]
[Result "1/2-1/2"]
[ECO "E36"]
[WhiteElo "1898"]
[BlackElo "1590"]
[Annotator "NA COMBH"]
[PlyCount "59"]
[EventDate "2022.07.18"]
[EventType "swiss"]
[EventCountry "SUI"]
[SourceTitle "playchess.com"]
[Source "ChessBase"]
[SourceQuality "1"]
[TimeControl "5400+30"]

1. d4 Nf6 2. c4 e6 3. Nc3 Bb4 4. Qc2 O-O 5. a3 Bxc3+ 6. Qxc3 d5 7. Bg5 Nbd7 8. Nf3 dxc4 9. Qxc4 b6 10. e3 Bb7 11. Be2 c5 12. O-O cxd4 13. exd4 h6 14. Bh4 Qc8 15. Qb3 Bd5 16. Qd3 Qb7 17. Rfc1 Rac8 18. h3 Rxc1+ 19. Rxc1 Rc8 20. Rxc8+ Qxc8 21. Kh2 Ne4 22. Ne5 Nxe5 23. dxe5 Qc1 24. Bf3 Qf4+ 25. g3 Qxe5 26. Bxe4 Qxe4 27. Qxe4 Bxe4 28. Be7 f5 29. f4 Kf7 30. Bb4 1/2-1/2

[Event "Swiss Championship U14 2022"]
[Site "Biel"]
[Date "2022.07.18"]
[Round "1.7"]
[White "Delangle, Alexander"]
[Black "Breyer, Philippe"]
[Result "0-1"]
[ECO "B50"]
[WhiteElo "1612"]
[BlackElo "1743"]
[Annotator "NA COMBH"]
[PlyCount "108"]
[EventDate "2022.07.18"]
[EventType "swiss"]
[EventCountry "SUI"]
[SourceTitle "playchess.com"]
[Source "ChessBase"]
[SourceQuality "1"]
[TimeControl "5400+30"]

1. e4 c5 2. Nf3 d6 3. c3 Nf6 4. h3 Nc6 5. Bd3 g6 6. Bc2 e5 7. O-O Bg7 8. d4 cxd4 9. cxd4 exd4 10. Nxd4 O-O 11. Bg5 Qb6 12. Nb3 Nd7 13. N1d2 Nde5 14. Be3 Qc7 15. a3 Be6 16. Nd4 Nxd4 17. Bxd4 d5 18. f4 Nc4 19. Nxc4 Bxd4+ 20. Qxd4 Qxc4 21. Qxc4 dxc4 22. f5 Bd7 23. Rad1 Bc6 24. Rd4 Rfe8 25. Rf4 b5 26. Rd6 Rac8 27. fxg6 hxg6 28. h4 Red8 29. Rff6 Rxd6 30. Rxd6 Kf8 31. Kh2 Ke7 32. e5 Bb7 33. Bxg6 fxg6 34. Rxg6 Rf8 35. h5 Be4 36. Ra6 Rf2 37. Rxa7+ Ke6 38. Rg7 Rxb2 39. h6 c3 40. h7 Bxh7 41. Rxh7 Kxe5 42. Kh3 c2 43. Rc7 Kd4 44. g4 Rb3+ 45. Kh4 Rc3 46. Rd7+ Kc4 47. g5 c1=Q 48. Kh5 Qh1+ 49. Kg6 Qc6+ 50. Kh5 Qxd7 51. Kg6 Rf3 52. Kh6 Qf7 53. g6 Rf6 54. Kh5 Rxg6 0-1

[Event "Swiss Championship U14 2022"]
[Site "Biel"]
[Date "2022.07.18"]
[Round "1.8"]
[White "Rappazzo, Johannes"]
[Black "Gade, Niels Severin"]
[Result "1-0"]
[ECO "B90"]
[WhiteElo "1761"]
[BlackElo "1505"]
[Annotator "NA COMBH"]
[PlyCount "165"]
[EventDate "2022.07.18"]
[EventType "swiss"]
[EventCountry "SUI"]
[SourceTitle "playchess.com"]
[Source "ChessBase"]
[SourceQuality "1"]
[TimeControl "5400+30"]

1. e4 c5 2. Nf3 d6 3. d4 cxd4 4. Nxd4 Nf6 5. Nc3 a6 6. Be3 e5 7. Nb3 Be6 8. f3 Be7 9. Qd2 Qc7 10. Be2 Nbd7 11. O-O-O Rc8 12. g4 Nb6 13. g5 Nfd7 14. Kb1 Nc4 15. Bxc4 Bxc4 16. h4 Be6 17. h5 b5 18. Rh2 Nb6 19. Bxb6 Qxb6 20. Nd5 Bxd5 21. exd5 Rc4 22. Rg2 Rf4 23. Qc3 Kd7 24. Qd3 g6 25. Rh1 Qd8 26. Rgh2 Rf8 27. hxg6 hxg6 28. Rh7 Bxg5 29. Qxg6 Qf6 30. Qxf6 Bxf6 31. R1h3 Bd8 32. c3 Rg8 33. Kc2 Bb6 34. Kd3 Ke7 35. Nd2 b4 36. R7h4 bxc3 37. bxc3 Rxh4 38. Rxh4 Rc8 39. Ra4 a5 40. Nc4 Bd8 41. Nxa5 Kf6 42. Nc6 Bb6 43. Rh4 Bc5 44. a4 Rg8 45. a5 Rg3 46. Ke2 Rg2+ 47. Kd3 Rg3 48. a6 Rxf3+ 49. Kc2 Rf2+ 50. Kb3 Rf1 51. a7 Ra1 52. Ra4 Rxa4 53. Kxa4 Bxa7 54. Nxa7 e4 55. Kb3 Ke5 56. Kc4 e3 57. Kd3 Kxd5 58. Kxe3 Kc4 59. Kd2 f5 60. Nc6 f4 61. Nd4 d5 62. Kc2 Kc5 63. Kd3 Kd6 64. Ke2 Kc5 65. Kd2 Kc4 66. Kc2 Kc5 67. Kd3 Kd6 68. Nf3 Kc5 69. Ne5 Kd6 70. Kd4 Ke6 71. Ng4 Kf5 72. Nf2 Ke6 73. Nh3 f3 74. Nf4+ Kf5 75. Nxd5 f2 76. Ne3+ Ke6 77. c4 Kd6 78. c5+ Kc7 79. Kd5 Kd7 80. c6+ Kc7 81. Kc5 Kc8 82. Kd6 Kd8 83. Nf1 1-0

[Event "Swiss Championship U14 2022"]
[Site "Biel"]
[Date "2022.07.18"]
[Round "2.1"]
[White "Mattenberger, Matthias"]
[Black "Scherler, Julius"]
[Result "1-0"]
[ECO "D32"]
[WhiteElo "2005"]
[BlackElo "1971"]
[Annotator "TA"]
[PlyCount "119"]
[EventDate "2022.07.18"]
[EventType "swiss"]
[EventCountry "SUI"]
[SourceTitle "playchess.com"]
[Source "ChessBase"]
[SourceQuality "1"]
[TimeControl "5400+30"]

1. d4 d5 2. c4 e6 3. Nc3 c5 4. cxd5 cxd4 5. Qa4+ Bd7 6. Qxd4 exd5 7. Qxd5 Nf6 8. Qd1 Bc5 9. e3 O-O 10. Nf3 Qe7 11. a3 Rd8 12. Be2 Nc6 13. O-O a6 14. Qc2 {[%emt 0:06:13] [#] D32: Tarrasch Defence: Sidelines and lines without g3.} Ne5 $146 ({Predecessor:} 14... b5 15. Ng5 g6 16. Nge4 Nxe4 17. Qxe4 Qxe4 18. Nxe4 Be7 19. Nc3 Be6 20. Bf3 Rac8 21. Bxc6 Rxc6 {½-½ (29) Mai,I (2075)-Von der Weth,C (1910) Nordhausen 1986}) 15. Nxe5 Qxe5 16. Bf3 {[%emt 0:01:05] White has an edge.} Bg4 {[%emt 0:40:51] [#] Strongly threatening ...Bd6.} 17. Qe2 Bd6 18. g3 Qh5 19. Bxg4 {[%emt 0:02:39] Black is on the road to losing.} Nxg4 20. f3 Ne5 21. Kg2 Bc5 22. e4 Nd3 (22... Rd3 $2 23. Bf4 Rdd8 24. Nd5 $16) 23. Nd5 Ne5 24. Rd1 Rac8 25. Bf4 {[%emt 0:02:30] And now g4 would win.} Ng6 26. Rac1 {[%emt 0:02:22] aiming for Bc7. Active counter play!} Nxf4+ 27. Nxf4 Qe5 (27... Qg5 28. Nd5 Bd6) 28. Nd3 $18 Qe7 29. Nxc5 ({Not} 29. Rxc5 Rxc5 30. Nxc5 Rxd1 $16) 29... Rxd1 30. Qxd1 ({Weaker is} 30. Rxd1 Rxc5 31. Qd3 g6 $16) 30... Rxc5 31. Rxc5 Qxc5 {[%emt 0:00:02][%mdl 4096] Endgame KQ-KQ} 32. Qd8+ Qf8 {[%emt 0:00:04] [#]} 33. Qxf8+ $1 Kxf8 {[%emt 0:00:02] KP-KP} 34. Kf2 Ke7 35. Ke3 Ke6 36. Kd4 Kd6 37. f4 f6 38. b4 b6 39. g4 g6 40. h4 (40. g5 $142 Ke6 41. e5) 40... h5 41. gxh5 {[%emt 0:00:33] White wants to mate with h6.} gxh5 42. e5+ (42. a4 $142 Ke6 43. a5 bxa5 44. bxa5 Kd6 45. f5 Kc6 46. e5 Kd7 47. exf6) 42... Ke6 43. exf6 Kxf6 44. Ke4 Ke6 45. f5+ Kf6 46. Kf4 Kf7 47. Kg5 {[%emt 0:00:04] White threatens f6 and mate.} a5 48. b5 {[%emt 0:00:19] White mates.} a4 49. f6 Kf8 50. Kxh5 Kf7 51. Kg5 Kf8 52. Kg6 Kg8 53. f7+ Kf8 54. h5 Ke7 55. Kg7 Kd7 56. f8=Q Kc7 57. Qe7+ Kb8 58. h6 Ka8 59. h7 Kb8 60. h8=Q# {[%emt 0:00:09] Weighted Error Value: White=0.04 (flawless) /Black=0.71} 1-0

[Event "Swiss Championship U14 2022"]
[Site "Biel"]
[Date "2022.07.18"]
[Round "2.2"]
[White "Gut, Lionel"]
[Black "Arsenie, Cristian Marc"]
[Result "0-1"]
[ECO "E36"]
[WhiteElo "1957"]
[BlackElo "2001"]
[Annotator "TA"]
[PlyCount "78"]
[EventDate "2022.07.18"]
[EventType "swiss"]
[EventCountry "SUI"]
[SourceTitle "playchess.com"]
[Source "ChessBase"]
[SourceQuality "1"]
[TimeControl "5400+30"]

1. d4 Nf6 2. c4 e6 3. Nc3 Bb4 4. Qc2 d5 5. a3 Bxc3+ 6. Qxc3 O-O 7. Bg5 c5 {[%emt 0:00:14] E36: Nimzo-Indian: Classical: 4...d5 5 a3.} 8. dxc5 {[%emt 0:01:26] And now Bxf6 would win.} d4 9. Qc2 {[%emt 0:00:09] 9.Qf3 is the modern continuation.} h6 {[%emt 0:00:20] [#] The position is equal.} 10. Bf4 $146 ({Predecessor:} 10. Bh4 e5 11. e3 Qe7 12. Be2 Re8 13. Rd1 a5 14. exd4 exd4 15. Rxd4 g5 16. Bg3 Qxc5 {½-½ (32) Johansen,A (2386)-Fremmegaard,J (2372) ICCF email 2021}) 10... Nc6 {[%emt 0:05:00][%mdl 1024] Black has compensation.} (10... e5 $5 11. Bxe5 Re8 12. Bxb8 Rxb8 $11) 11. Nf3 {[%emt 0:11:57] Inhibits e5.} Re8 12. e4 (12. Ne5 $11 {remains equal.}) 12... e5 $36 {[%emt 0:03:31][%mdl 2048] Black is really pushing.} 13. Bd2 a5 14. Be2 (14. Rb1 $142) 14... Nd7 15. O-O Nxc5 {[%emt 0:00:23] Hoping for ...d3.} 16. Bd3 a4 17. Bb4 Nxd3 18. Qxd3 f5 19. Rfe1 f4 20. Kh1 Qb6 21. c5 Nxb4 22. Qc4+ Be6 23. Qxb4 Qxb4 24. axb4 Bb3 {[%emt 0:00:47] ...d3 is the strong threat.} 25. Nd2 {[%emt 0:06:51] [#]} (25. Rec1 $142) 25... Bc2 $1 26. Ra3 d3 27. Rea1 Rad8 28. Rc3 {[%emt 0:05:19] [#]} (28. f3 {was called for.}) 28... Rd4 $1 $19 29. Rc4 $2 (29. b5 {is a better defense.}) 29... Red8 {[%emt 0:02:58] White must now prevent ...Rxc4.} 30. b5 (30. Rxd4 $142 Rxd4 31. b5) 30... Rxc4 {[%emt 0:03:35] Black is clearly winning.} 31. Nxc4 d2 32. Nxd2 Rxd2 {[%emt 0:00:06][%mdl 4096] Endgame KRB-KR} 33. h4 Rd4 34. Ra3 Rc4 35. c6 bxc6 36. bxc6 Rxc6 37. f3 Bb3 {[%emt 0:00:15] ( -> ...Rc1+)} 38. Ra1 {[%emt 0:00:12] Inhibits Rc1+.} Rc2 39. Rb1 Ba2 {[%emt 0:00:09] Weighted Error Value: White=0.66/Black=0.08 (flawless)} 0-1

[Event "Swiss Championship U14 2022"]
[Site "Biel"]
[Date "2022.07.18"]
[Round "2.4"]
[White "Breyer, Philippe"]
[Black "Gut, Raphael"]
[Result "1/2-1/2"]
[ECO "B81"]
[WhiteElo "1743"]
[BlackElo "1898"]
[Annotator "NA RC COMBH"]
[PlyCount "93"]
[EventDate "2022.07.18"]
[EventType "swiss"]
[EventCountry "SUI"]
[SourceTitle "playchess.com"]
[Source "ChessBase"]
[SourceQuality "1"]
[TimeControl "5400+30"]

1. e4 c5 2. Nf3 d6 3. d4 cxd4 4. Nxd4 Nf6 5. Nc3 a6 6. h3 e6 7. g4 h6 8. Bg2 Be7 9. O-O Bd7 10. Be3 Qc7 11. Qd2 Nc6 12. f4 Rc8 13. Qf2 Na5 14. g5 Nh5 15. g6 Nc4 16. gxf7+ Kxf7 17. f5 e5 18. Ne6 Qc6 19. Nd5 Nxe3 20. Nxe3 Nf6 21. Bf3 Qb6 22. Rae1 Rhg8 23. Qe2 g6 24. Kh2 Bxe6 25. fxe6+ Kg7 26. Rg1 Kh7 27. c3 Rc7 28. Nd5 Nxd5 29. exd5 Bg5 30. Be4 Rf8 31. Ref1 Rxf1 32. Rxf1 Kg7 33. Qg2 Qe3 34. Kh1 Rc4 35. e7 Rc8 36. h4 Re8 37. hxg5 hxg5 38. Qf3 Qf4 39. Qxf4 exf4 40. Kg2 Rxe7 41. Bf3 Kf6 42. Bg4 Re3 43. Rf3 Re2+ 44. Rf2 Re5 45. Be6 b6 46. Kf1 Re3 47. Bg4 1/2-1/2

[Event "Swiss Championship U14 2022"]
[Site "Biel"]
[Date "2022.07.18"]
[Round "2.5"]
[White "Guyer, Marlon"]
[Black "Breyer, Thierry"]
[Result "0-1"]
[ECO "B28"]
[WhiteElo "1590"]
[BlackElo "1683"]
[Annotator "NA RC COMBH"]
[PlyCount "88"]
[EventDate "2022.07.18"]
[EventType "swiss"]
[EventCountry "SUI"]
[SourceTitle "playchess.com"]
[Source "ChessBase"]
[SourceQuality "1"]
[TimeControl "5400+30"]

1. e4 c5 2. Nf3 a6 3. c4 b6 4. Nc3 Bb7 5. d4 cxd4 6. Nxd4 Qc7 7. Be3 Nf6 8. f3 e6 9. Qb3 Bc5 10. Na4 d6 11. Nxc5 bxc5 12. Nc2 Nc6 13. O-O-O Ke7 14. Bf4 Rhd8 15. Be2 Nd4 16. Nxd4 cxd4 17. Kb1 Nd7 18. Qc2 e5 19. Bg5+ f6 20. Bd2 a5 21. g4 Rg8 22. h4 Bc6 23. g5 Raf8 24. Rh3 Qb6 25. Rg3 Nc5 26. Rdg1 fxg5 27. hxg5 Rb8 28. Bc1 Rb7 29. R1g2 Rgb8 30. Rh3 a4 31. Rxh7 Ke6 32. a3 Qa5 33. Bf1 Qe1 34. Ka2 Qxf1 35. Rf2 Qd3 36. Rhh2 Qb3+ 37. Qxb3 Rxb3 38. Rh7 Nd3 39. Rc2 Nxc1+ 40. Rxc1 Rxb2+ 41. Ka1 R8b7 42. Rh4 Rf2 43. Rb1 Rxb1+ 44. Kxb1 Rxf3 0-1